Map: Orbital Shipyard

Players

Fiend - Winner!

  • Race: Terran Terran
  • League: Platinum

Silverknight

  • Race: Terran Terran
  • League: Platinum

VOD

Have the link to the VOD?

Description

Time

  • Played on: March 27, 2016, 2:06 p.m.
  • Length: 18:13
Show
View Real Time Build Order
Export as new Build Order

Fiend Terran - Winner!

Build Orders: Reaper Expand 

Get SALT Encoding   

  12  0:01  SCV  
  13  0:13  SCV  
  14  0:20  Supply Depot  
  14  0:25  SCV  
  15  0:32  Refinery  
  15  0:41  SCV  
  16  0:46  Barracks  
  16  0:53  SCV  
  17  1:05  SCV  
  18  1:18  SCV  
  19  1:34  Orbital Command  
  19  1:35  Reaper  
  20  1:44  Command Center  
  20  1:54  Supply Depot  
  20  2:03  SCV  
  21  2:09  Marine  
  21  2:15  SCV  
  23  2:19  Factory, Refinery  
  23  2:26  Marine  
  23  2:27  SCV  
  25  2:39  SCV  
  26  2:53  SCV  
  26  2:56  Barracks Reactor  
  26  3:02  Orbital Command  
  26  3:09  Starport  
  26  3:16  Factory Tech Lab  
  26  3:18  SCV  
  27  3:24  Command Center  
  27  3:28  SCV  
  27  3:30  SCV  
  27  3:32  Marine x2  
  31  3:35  Siege Tank  
  31  3:40  SCV  
  35  3:44  SCV  
  36  3:52  Supply Depot  
  36  3:53  SCV, Marine x2  
  36  3:55  Medivac  
  41  3:58  SCV  
  41  4:02  Supply Depot  
  42  4:05  SCV  
  42  4:08  Widow Mine  
  44  4:11  Marine x2  
  43  4:24  SCV x2  
  44  4:35  Marine x2  
  44  4:37  Siege Tank  
  49  4:53  Marine x2  
  51  5:01  Refinery  
  51  5:02  Refinery  
  51  5:03  Supply Depot  
  51  5:04  SCV x2  
  53  5:11  Marine  
  53  5:13  Engineering Bay, Barracks  
  54  5:17  Barracks  
  54  5:24  Marine  
  54  5:25  Supply Depot  
  55  5:41  Marine  
  55  5:42  Marine  
  56  5:48  Orbital Command  
  56  5:49  SCV x2  
  59  5:59  Marine  
  59  6:00  Marine  
  59  6:01  Siege Tank  
  59  6:03  Starport Reactor  
  64  6:08  Missile Turret  
  64  6:10  Missile Turret  
  64  6:14  SCV, Missile Turret  
  64  6:15  Sensor Tower  
  64  6:17  Marine  
  66  6:21  Barracks Reactor  
  66  6:22  Barracks Tech Lab  
  66  6:27  Barracks  
  66  6:32  Engineering Bay  
  66  6:40  Barracks, Medivac  
  66  6:41  Marine x2  
  66  6:42  Marine  
  66  6:43  Viking  
  66  6:45  Siege Tank  
  76  6:52  SCV  
  77  6:55  Supply Depot  
  77  6:59  Marine  
  78  7:02  SCV x2, Missile Turret  
  78  7:05  Marine x4  
  78  7:07  Stimpack  
  84  7:09  SCV  
  84  7:12  Sensor Tower  
  85  7:17  SCV, Siege Tank  
  85  7:19  SCV, Marine  
  91  7:22  Marine  
  91  7:26  Command Center  
  91  7:27  Supply Depot  
  92  7:33  Supply Depot  
  92  7:37  SCV  
  92  7:42  Refinery  
  93  7:48  SCV, Viking, Medivac  
  93  7:49  SCV x2  
  100  8:01  SCV x2  
  100  8:02  Marine x4  
  100  8:03  Marine  
  100  8:04  Terran Infantry Weapons Level 1, Terran Infantry Armor Level 1  
  107  8:10  Armory  
  107  8:11  Supply Depot  
  107  8:15  Barracks Reactor, Supply Depot  
  107  8:16  Barracks Reactor  
  107  8:22  Liberator  
  107  8:37  Marine  
  107  8:38  Marine x4  
  107  8:39  Siege Tank  
  118  8:55  Marine  
  119  9:07  Marine x3  
  119  9:08  Marine x5  
  127  9:18  Marine  
  127  9:20  Siege Tank  
  127  9:22  SCV x2  
  133  9:26  Marine  
  133  9:27  Marine x6  
  133  9:29  Planetary Fortress  
  140  9:37  Combat Shields  
  140  9:38  Supply Depot  
  140  9:39  Supply Depot  
  140  9:50  Supply Depot  
  140  9:53  Missile Turret, Supply Depot  
  140  9:59  Marine x2, Viking x2  
  148  10:00  SCV x3, Siege Tank, Marine x3  
  148  10:01  Marine  
  148  10:05  Supply Depot  
  156  10:11  Supply Depot  
  156  10:12  SCV x2, Marine  
  159  10:16  Marine x2  
  159  10:17  Marine x2  
  163  10:23  Marine  
  163  10:24  Marine x3  
  165  10:29  Viking  
  165  10:32  Terran Infantry Weapons Level 2  
  165  10:33  Terran Infantry Armor Level 2  
  168  10:43  Barracks  
  168  10:45  Barracks  
  167  10:53  Factory  
  167  11:12  Marine  
  167  11:13  Marine x8  
  176  11:19  SCV x4  
  180  11:27  Starport  
  180  11:30  Marine  
  179  11:34  Fusion Core  
  179  11:36  SCV x4  
  179  11:38  Missile Turret  
  181  11:48  SCV x2  
  167  12:15  Liberator  
  160  12:19  Marine  
  160  12:20  Marine x8  
  156  12:32  Medivac  
  158  12:37  Marine x3  
  158  12:38  Marine x2  
  150  12:50  Marine  
  150  12:51  Marine  
  84  13:02  Marine x4  
  84  13:03  Marine x3  
  73  13:08  Marine x2  
  74  13:23  Bunker  
  74  13:24  Bunker  
  74  13:25  Bunker  
  74  13:32  Marine x9  
  83  13:34  Factory Tech Lab  
  83  13:37  Factory Tech Lab  
  83  13:38  Refinery  
  83  13:42  Barracks Reactor x2  
  57  13:56  Marine  
  57  13:57  Marine x8  
  57  13:58  Siege Tank  
  57  13:59  Siege Tank  
  57  14:02  SCV x3  
  75  14:03  SCV  
  76  14:14  SCV, Marine x2  
  79  14:17  Marine x4  
  79  14:18  Marine x7  
  83  14:29  SCV x2  
  83  14:30  SCV x2, Siege Tank  
  90  14:32  Marine x2  
  90  14:34  Factory Tech Lab  
  90  14:35  Viking, Medivac  
  96  14:41  SCV  
  96  14:42  SCV x3  
  100  14:51  Marine x4  
  100  14:52  Marine x9  
  111  14:54  SCV x2, Terran Infantry Weapons Level 3, Siege Tank, Terran Infantry Armor Level 3  
  111  14:59  Starport Reactor  
  118  15:04  Refinery  
  118  15:05  Viking  
  120  15:09  Sensor Tower  
  120  15:13  Marine x4  
  124  15:19  Marine x5  
  129  15:28  Marine x2  
  129  15:34  Marine  
  129  15:35  Marine x5  
  137  15:36  Siege Tank x2  
  143  15:50  Marine x3  
  143  15:51  Marine  
  143  15:54  Marine x8  
  143  15:55  Marine  
  143  15:56  Medivac  
  143  15:57  Viking x2, Medivac  
  160  15:58  Command Center  
  164  16:08  Marine x4, Siege Tank x2  
  172  16:12  Marine  
  172  16:16  Marine x4  
  176  16:22  Marine x2  
  178  16:40  Siege Tank x2  
  178  16:44  Marine x4  
  188  16:58  Supply Depot  
  188  17:02  SCV, Marine x2  
  188  17:09  Marine x5  
  188  17:10  SCV x3  
  188  17:12  Siege Tank  
  191  17:44  Marine x3  
  191  17:45  Marine x3  
Show
View Real Time Build Order
Export as new Build Order

Silverknight Terran 

Build Orders: MMM Bio 

Get SALT Encoding   

  12  0:01  SCV  
  13  0:13  SCV  
  14  0:18  Supply Depot  
  14  0:25  SCV  
  15  0:39  SCV  
  15  0:41  Barracks  
  16  0:46  Refinery  
  16  0:51  SCV  
  17  1:01  Barracks  
  17  1:10  Supply Depot  
  17  1:11  SCV  
  18  1:24  SCV  
  19  1:32  Reaper  
  20  1:36  Orbital Command  
  20  1:50  Reaper, Barracks  
  21  1:55  Refinery  
  21  2:05  SCV  
  22  2:10  Reaper  
  23  2:16  Supply Depot  
  23  2:18  SCV  
  24  2:25  Reaper  
  25  2:30  SCV  
  23  2:56  Reaper x2  
  23  2:58  SCV  
  26  3:03  Reaper  
  27  3:10  SCV  
  28  3:15  Command Center  
  28  3:21  Factory  
  28  3:22  SCV  
  29  3:31  Barracks Reactor  
  29  3:42  SCV  
  29  3:45  Barracks Tech Lab  
  30  3:53  Engineering Bay  
  30  3:54  SCV  
  31  3:57  Barracks Reactor  
  31  4:06  SCV  
  30  4:35  Factory Tech Lab  
  30  4:50  Missile Turret  
  30  4:51  Marauder, Marine x3  
  30  4:52  Stimpack  
  35  4:53  Orbital Command  
  35  4:54  Missile Turret  
  35  4:55  Missile Turret  
  35  5:01  SCV, Missile Turret  
  35  5:02  Siege Tank  
  35  5:06  Missile Turret  
  39  5:12  Marine  
  40  5:15  Missile Turret  
  40  5:18  Missile Turret  
  40  5:21  Marauder  
  42  5:39  Missile Turret  
  42  5:42  Missile Turret  
  42  5:43  Missile Turret  
  42  6:01  Siege Tank  
  42  6:02  Marine x2  
  42  6:03  Marauder, Marine x2  
  46  6:07  Starport  
  46  6:12  Supply Depot  
  46  6:14  Terran Infantry Weapons Level 1  
  46  6:15  Engineering Bay  
  46  6:21  Armory  
  46  6:23  Marine x2  
  46  6:24  Marine x2  
  50  6:27  Marauder  
  52  6:34  Siege Tank  
  55  6:44  Factory  
  57  7:01  Marauder  
  57  7:06  SCV  
  58  7:12  Refinery x2  
  58  7:13  SCV  
  58  7:15  Combat Shields  
  59  7:16  Marine  
  59  7:17  Marine  
  59  7:18  SCV  
  62  7:33  Supply Depot  
  62  7:34  Supply Depot  
  62  7:35  Starport Reactor  
  62  7:37  Factory Tech Lab, Factory Reactor  
  62  7:50  Missile Turret  
  62  7:55  SCV x2, Marauder  
  69  7:58  Siege Tank  
  69  7:59  Siege Tank  
  72  8:07  SCV x2  
  72  8:11  Missile Turret  
  74  8:14  Medivac  
  74  8:18  Medivac  
  78  8:26  Supply Depot x2  
  78  8:40  Supply Depot  
  78  8:44  Terran Infantry Weapons Level 2, Terran Infantry Armor Level 1  
  78  8:47  SCV x2, Marine x4  
  84  8:53  Marine  
  84  8:54  Concussive Shells  
  85  8:58  Medivac  
  86  9:05  Marine  
  87  9:32  Widow Mine x2  
  87  9:33  Command Center  
  87  9:34  Marine x2  
  87  9:35  Marauder, Marine x2  
  97  9:44  Missile Turret  
  97  9:46  Missile Turret  
  97  9:50  Terran Vehicle Weapons Level 1  
  97  9:52  Marine x2  
  97  9:53  Marine x2  
  101  10:12  Marine  
  102  10:17  Barracks  
  102  10:18  Barracks  
  102  10:45  Marauder, Marine x3  
  107  10:51  Medivac x2  
  111  11:02  Marine  
  112  11:06  Marauder  
  112  11:07  Orbital Command  
  112  11:08  Missile Turret  
  114  11:12  Barracks Reactor  
  114  11:13  Liberator, Marine x2  
  115  11:44  Marauder  
  117  11:50  Marine  
  117  12:07  Marine  
  117  12:15  Marine x3  
  117  12:19  Marine x2  
  117  12:21  Marine  
  116  12:25  Marine  
  116  12:27  Siege Tank  
  116  12:29  Siege Tank  
  117  12:32  Marauder  
  117  12:33  Marine  
  117  12:35  Marine x2  
  117  12:37  Marine  
  108  12:54  Marauder  
  93  13:15  Marauder  
  90  13:37  Marauder  
  73  13:54  Marine x3  
  73  13:55  Marine x4  
  64  13:58  Marauder  
  62  14:12  Marine x3  
  62  14:15  Orbital Command  
  50  14:25  Marauder  
  41  14:31  Marine x3  
  41  14:32  Barracks Reactor, Marine  
  41  14:33  Siege Tank x2, Medivac x2  
  55  14:47  Marauder  
  55  14:49  Marine  
  55  14:51  SCV  
  59  14:57  Marine x3  
  59  14:58  Marine x2  
  64  15:00  Terran Infantry Weapons Level 3  
  64  15:01  SCV  
  64  15:05  Siege Tank x2  
  71  15:07  Marine  
  71  15:08  Marauder  
  71  15:09  Marine x2  
  76  15:14  Liberator, Marine  
  76  15:15  Marine x2  
  76  15:16  Marine x2  
  81  15:25  SCV, Marine  
  81  15:27  Marine x2  
  85  15:29  Marauder  
  85  15:31  Medivac  
  85  15:32  Marine  
  85  15:33  Marine x2  
  85  15:34  Marine  
  96  15:35  Terran Infantry Armor Level 2  
  96  15:37  SCV  
  96  15:42  Marine  
  97  15:45  Marine x2  
  97  15:49  SCV  
  101  15:50  Marine  
  101  15:51  Marauder  
  104  16:18  Marauder, Marine x6  
  95  16:19  Marine  
  95  16:22  Siege Tank  
  95  16:24  Medivac  
  104  16:30  SCV, Refinery  
  104  16:31  Refinery  
  105  16:39  Marauder  
  105  16:42  SCV  
  102  16:49  Marine x5  
  107  17:00  Marauder  
  106  17:16  Missile Turret x2  
  106  17:22  Marauder  
  100  17:43  Marauder  
  101  17:48  Marine  
  101  17:49  Marine x3  
Tags
 
Add a new tag
Caveats
  • Supply blocks, unpowered buildings, or Contaminate may cause inaccurate times.
  • Supply counts are checked every 10 seconds.